[ AOE2 MATCH · #505201736 ]
UnrankedChinese vs Romans
Player's team · LOSS
Rival team · WIN
[ REPLAY ANALYSIS · EXTRACTED FROM THE RECORDED GAME ]
Feudal
11:37
Castle
—
Imperial
—
| APM avg | 47.2 |
| APM peak | 93 |
| eAPM avg | 23.4 |
| Villagers / military | 65 / 22 |
Focus
⚔️ 29.0% · 🌾 71.0%
Militia ×16 · Scout Cavalry ×6
Feudal
11:28
Castle
15:14
Imperial
—
| APM avg | 48.6 |
| APM peak | 83 |
| eAPM avg | 18.6 |
| Villagers / military | 49 / 42 |
Focus
⚔️ 29.9% · 🌾 70.1%
Scorpion ×35 · Battering Ram ×7
Match map
Initial resources + every placement click. Lines = walls · curves = elevation contours. ◆ gold · ⬟ stone · ● berries · ✦ relic · ◌ wall gap
Your base· Open — unwalled flank
Player46887455's base· Open — 4t gap
Smoothed initial terrain · ◌ = detected wall gap · hover for details
Inputs per minute
— 新竹 - - Player46887455
Build order — 新竹
First 150 of 172 actions detected
| 0:02 | Research | Loom |
| 0:02 | Research | Loom |
| 0:53 | Create | Villager (Male) |
| 1:24 | Create | Villager (Male) |
| 1:24 | Create | Villager (Male) |
| 1:38 | Build | Palisade Wall |
| 1:47 | Build | Palisade Wall |
| 1:48 | Build | Palisade Wall |
| 1:50 | Build | Palisade Wall |
| 1:54 | Create | Villager (Male) |
| 1:54 | Create | Villager (Male) |
| 2:18 | Create | Villager (Male) |
| 2:18 | Create | Villager (Male) |
| 2:42 | Create | Villager (Male) |
| 2:42 | Create | Villager (Male) |
| 3:17 | Create | Villager (Male) |
| 3:17 | Create | Villager (Male) |
| 3:37 | Create | Villager (Male) |
| 3:37 | Create | Villager (Male) |
| 3:47 | Build | House |
| 3:50 | Create | Villager (Male) |
| 4:14 | Create | Villager (Male) |
| 4:36 | Create | Villager (Male) |
| 4:36 | Create | Villager (Male) |
| 4:36 | Create | Villager (Male) |
| 5:03 | Build | Barracks |
| 5:06 | Build | Palisade Wall |
| 5:07 | Build | Palisade Wall |
| 5:08 | Build | Palisade Wall |
| 5:38 | Build | House |
| 5:44 | Create | Villager (Male) |
| 5:44 | Create | Villager (Male) |
| 5:44 | Create | Villager (Male) |
| 6:02 | Create | Militia |
| 6:02 | Create | Militia |
| 6:08 | Create | Militia |
| 6:08 | Create | Militia |
| 6:12 | Build | Palisade Wall |
| 6:16 | Create | Villager (Male) |
| 6:16 | Create | Villager (Male) |
| 6:16 | Create | Villager (Male) |
| 6:43 | Build | Palisade Wall |
| 6:53 | Build | Lumber Camp |
| 6:57 | Create | Villager (Male) |
| 6:57 | Create | Villager (Male) |
| 7:07 | Create | Militia |
| 7:07 | Create | Militia |
| 7:27 | Build | Palisade Wall |
| 7:28 | Build | Palisade Wall |
| 7:29 | Create | Villager (Male) |
| 7:30 | Create | Villager (Male) |
| 7:30 | Create | Villager (Male) |
| 8:06 | Create | Villager (Male) |
| 8:08 | Build | House |
| 8:54 | Build | Mill |
| 9:27 | Research | Feudal Age |
| 9:28 | Research | Feudal Age |
| 9:45 | Build | Mill |
| 9:59 | Build | House |
| 10:36 | Build | Mining Camp |
| 10:44 | Create | Militia |
| 10:44 | Create | Militia |
| 11:01 | Build | House |
| 11:02 | Build | House |
| 11:37 | Age | Feudal Age |
| 11:41 | Create | Villager (Male) |
| 11:41 | Create | Villager (Male) |
| 11:42 | Create | Villager (Male) |
| 11:44 | Build | Mining Camp |
| 11:48 | Create | Villager (Male) |
| 11:59 | Build | Watch Tower |
| 12:06 | Build | Farm |
| 12:27 | Create | Villager (Male) |
| 12:28 | Create | Villager (Male) |
| 12:44 | Research | Man-at-Arms (upgrade) |
| 12:44 | Research | Man-at-Arms (upgrade) |
| 13:04 | Research | Double-Bit Axe |
| 13:04 | Research | Double-Bit Axe |
| 13:22 | Create | Villager (Male) |
| 13:22 | Create | Villager (Male) |
| 13:23 | Create | Villager (Male) |
| 13:47 | Create | Villager (Male) |
| 13:47 | Create | Villager (Male) |
| 13:47 | Create | Villager (Male) |
| 13:49 | Build | House |
| 14:04 | Build | Watch Tower |
| 14:21 | Create | Villager (Male) |
| 14:21 | Create | Villager (Male) |
| 14:23 | Build | Farm |
| 14:51 | Create | Villager (Male) |
| 14:54 | Build | Blacksmith |
| 15:02 | Build | Watch Tower |
| 15:05 | Build | Stone Wall |
| 15:06 | Build | Stone Wall |
| 15:07 | Build | Stone Wall |
| 15:24 | Create | Villager (Male) |
| 15:28 | Build | House |
| 15:35 | Build | Farm |
| 15:47 | Research | Fletching |
| 15:47 | Research | Fletching |
| 15:48 | Research | Fletching |
| 15:56 | Build | Palisade Wall |
| 16:02 | Build | Stone Wall |
| 16:13 | Build | Stone Wall |
| 16:14 | Build | Stone Wall |
| 16:15 | Build | Stone Wall |
| 16:16 | Build | Stone Wall |
| 16:17 | Build | Stone Wall |
| 16:29 | Build | Watch Tower |
| 16:34 | Create | Villager (Male) |
| 16:34 | Create | Villager (Male) |
| 16:34 | Create | Villager (Male) |
| 16:35 | Create | Villager (Male) |
| 16:36 | Build | Farm |
| 16:41 | Build | House |
| 16:50 | Build | Stone Wall |
| 17:10 | Create | Villager (Male) |
| 17:11 | Build | Farm |
| 17:28 | Build | Palisade Wall |
| 17:29 | Build | Palisade Wall |
| 17:53 | Create | Villager (Male) |
| 17:54 | Create | Villager (Male) |
| 17:55 | Build | Farm |
| 17:58 | Build | Farm |
| 18:00 | Create | Villager (Male) |
| 18:22 | Build | Watch Tower |
| 18:26 | Create | Villager (Male) |
| 18:27 | Build | Farm |
| 18:50 | Create | Militia |
| 19:10 | Create | Militia ×2 |
| 19:10 | Create | Militia |
| 19:21 | Create | Villager (Male) |
| 19:22 | Create | Villager (Male) |
| 19:24 | Build | Farm |
| 19:24 | Build | Farm |
| 19:38 | Research | Scale Mail Armor |
| 19:38 | Research | Scale Mail Armor |
| 19:39 | Create | Militia |
| 19:39 | Create | Militia |
| 20:00 | Create | Militia |
| 20:00 | Create | Militia |
| 20:16 | Create | Villager (Male) |
| 20:16 | Create | Villager (Male) |
| 20:19 | Build | Farm |
| 20:20 | Build | Farm |
| 20:24 | Build | Stable |
| 20:43 | Create | Villager (Male) |
| 20:43 | Create | Villager (Male) |
| 20:43 | Create | Villager (Male) |
| 21:11 | Build | Watch Tower |
Build order — Player46887455
134 actions detected in the replay
| 0:00 | Create | Villager (Male) |
| 0:01 | Create | Villager (Male) |
| 0:01 | Create | Villager (Male) |
| 0:02 | Build | House |
| 0:02 | Build | House |
| 0:07 | Create | Villager (Male) |
| 0:07 | Create | Villager (Male) |
| 1:28 | Create | Villager (Male) |
| 1:50 | Build | Lumber Camp |
| 2:01 | Create | Villager (Male) |
| 2:01 | Create | Villager (Male) |
| 2:10 | Create | Villager (Male) |
| 2:10 | Create | Villager (Male) |
| 2:32 | Create | Villager (Male) |
| 3:04 | Create | Villager (Male) |
| 3:04 | Create | Villager (Male) |
| 3:24 | Create | Villager (Male) |
| 3:32 | Build | House |
| 3:53 | Create | Villager (Male) |
| 3:53 | Create | Villager (Male) |
| 4:14 | Build | Mill |
| 4:43 | Create | Villager (Male) |
| 4:43 | Create | Villager (Male) |
| 4:43 | Create | Villager (Male) |
| 5:17 | Create | Villager (Male) |
| 5:17 | Create | Villager (Male) |
| 5:41 | Build | House |
| 6:02 | Create | Villager (Male) |
| 6:02 | Create | Villager (Male) |
| 6:02 | Create | Villager (Male) |
| 6:41 | Build | Mill |
| 6:56 | Build | Farm |
| 6:59 | Build | Farm |
| 7:02 | Build | Palisade Wall |
| 7:06 | Create | Villager (Male) |
| 7:08 | Build | Farm |
| 7:24 | Build | Farm |
| 7:40 | Create | Villager (Male) |
| 7:45 | Build | House |
| 8:10 | Build | Farm |
| 8:19 | Create | Villager (Male) |
| 8:23 | Build | Farm |
| 8:45 | Research | Loom |
| 9:01 | Build | Mining Camp |
| 9:14 | Research | Feudal Age |
| 9:49 | Build | Palisade Wall |
| 10:31 | Build | Palisade Wall |
| 11:01 | Build | Palisade Wall |
| 11:05 | Build | Palisade Wall |
| 11:19 | Create | Villager (Male) |
| 11:28 | Age | Feudal Age |
| 11:31 | Build | Market |
| 11:34 | Build | Blacksmith |
| 11:41 | Build | Palisade Wall |
| 11:45 | Build | Palisade Wall |
| 11:57 | Create | Villager (Male) |
| 12:34 | Research | Castle Age |
| 13:05 | Build | Watch Tower |
| 13:44 | Build | Farm |
| 14:07 | Research | Double-Bit Axe |
| 14:24 | Build | Palisade Wall |
| 14:45 | Create | Villager (Male) |
| 15:08 | Build | House |
| 15:14 | Age | Castle Age |
| 15:22 | Create | Villager (Male) |
| 15:34 | Build | Lumber Camp |
| 16:11 | Research | Town Watch |
| 16:33 | Build | Palisade Wall |
| 16:45 | Create | Villager (Male) |
| 16:49 | Build | Siege Workshop |
| 16:56 | Build | House |
| 17:02 | Create | Villager (Male) |
| 17:17 | Build | Mining Camp |
| 17:33 | Create | Scorpion |
| 17:33 | Create | Scorpion |
| 17:35 | Create | Villager (Male) |
| 17:52 | Create | Scorpion |
| 18:05 | Create | Villager (Male) |
| 18:31 | Build | Siege Workshop |
| 18:44 | Create | Villager (Male) |
| 18:44 | Create | Villager (Male) |
| 18:44 | Create | Villager (Male) |
| 18:51 | Create | Scorpion |
| 18:51 | Create | Scorpion |
| 18:51 | Create | Scorpion |
| 18:54 | Build | House |
| 19:13 | Build | House |
| 19:15 | Build | House |
| 19:26 | Create | Battering Ram |
| 19:33 | Build | House |
| 19:45 | Create | Villager (Male) |
| 19:52 | Create | Scorpion |
| 20:01 | Create | Scorpion |
| 20:14 | Build | House |
| 20:18 | Build | Palisade Wall |
| 20:20 | Build | Palisade Wall |
| 20:36 | Create | Battering Ram |
| 20:37 | Create | Villager (Male) |
| 20:37 | Create | Villager (Male) |
| 20:59 | Create | Scorpion |
| 21:00 | Create | Scorpion |
| 21:09 | Create | Scorpion |
| 21:19 | Create | Villager (Male) |
| 21:29 | Create | Scorpion |
| 21:51 | Create | Scorpion |
| 22:03 | Build | House |
| 22:18 | Create | Scorpion ×3 |
| 22:35 | Create | Villager (Male) |
| 22:44 | Create | Scorpion |
| 22:44 | Create | Scorpion ×2 |
| 22:44 | Create | Scorpion |
| 23:10 | Create | Scorpion |
| 23:22 | Create | Scorpion |
| 23:41 | Create | Villager (Male) |
| 23:41 | Create | Villager (Male) |
| 23:54 | Create | Scorpion ×3 |
| 23:54 | Create | Scorpion ×3 |
| 24:23 | Create | Battering Ram |
| 24:24 | Create | Battering Ram |
| 24:46 | Build | Farm |
| 25:08 | Build | Palisade Wall |
| 25:30 | Create | Scorpion ×2 |
| 25:31 | Create | Villager (Male) |
| 25:31 | Create | Villager (Male) |
| 26:16 | Create | Scorpion ×2 |
| 26:16 | Create | Scorpion ×2 |
| 26:51 | Create | Scorpion |
| 26:59 | Create | Villager (Male) |
| 26:59 | Create | Villager (Male) |
| 27:23 | Create | Battering Ram |
| 27:23 | Create | Battering Ram |
| 27:53 | Build | House |
| 28:13 | Build | Market |
| 28:31 | Create | Battering Ram |
Match timeline
| 1:38 | 新竹 · wall_segment Palisade Wall x1 |
| 1:47 | 新竹 · wall_segment Palisade Wall x1 |
| 1:48 | 新竹 · wall_segment Palisade Wall x1 |
| 1:50 | 新竹 · wall_segment Palisade Wall x1 |
| 5:03 | 新竹 · first_building Barracks |
| 5:06 | 新竹 · wall_segment Palisade Wall x1 |
| 5:07 | 新竹 · wall_segment Palisade Wall x1 |
| 5:08 | 新竹 · wall_segment Palisade Wall x1 |
| 6:12 | 新竹 · wall_segment Palisade Wall x3 |
| 6:43 | 新竹 · wall_segment Palisade Wall x3 |
| 7:02 | Player46887455 · wall_segment Palisade Wall x5 |
| 7:27 | 新竹 · wall_segment Palisade Wall x2 |
| 7:28 | 新竹 · wall_segment Palisade Wall x2 |
| 9:49 | Player46887455 · wall_segment Palisade Wall x7 |
| 10:31 | Player46887455 · wall_segment Palisade Wall x6 |
| 11:01 | Player46887455 · wall_segment Palisade Wall x4 |
| 11:05 | Player46887455 · wall_segment Palisade Wall x2 |
| 11:28 | Player46887455 · age_up feudal |
| 11:37 | 新竹 · age_up feudal |
| 11:41 | Player46887455 · wall_segment Palisade Wall x1 |
| 11:45 | Player46887455 · wall_segment Palisade Wall x1 |
| 12:27 | Player46887455 · first_market_buy 100 food |
| 12:29 | Player46887455 · first_market_sell 100 stone |
| 14:24 | Player46887455 · wall_segment Palisade Wall x4 |
| 15:05 | 新竹 · wall_segment Stone Wall x2 |
| 15:06 | 新竹 · wall_segment Stone Wall x1 |
| 15:07 | 新竹 · wall_segment Stone Wall x1 |
| 15:14 | Player46887455 · age_up castle |
| 15:56 | 新竹 · wall_segment Palisade Wall x1 |
| 16:02 | 新竹 · wall_segment Stone Wall x1 |
| 16:13 | 新竹 · wall_segment Stone Wall x2 |
| 16:14 | 新竹 · wall_segment Stone Wall x2 |
| 16:15 | 新竹 · wall_segment Stone Wall x2 |
| 16:16 | 新竹 · wall_segment Stone Wall x3 |
| 16:17 | 新竹 · wall_segment Stone Wall x1 |
| 16:33 | Player46887455 · wall_segment Palisade Wall x12 |
| 16:49 | Player46887455 · first_building Siege Workshop |
| 16:50 | 新竹 · wall_segment Stone Wall x1 |
| 17:28 | 新竹 · wall_segment Palisade Wall x2 |
| 17:29 | 新竹 · wall_segment Palisade Wall x2 |
| 20:18 | Player46887455 · wall_segment Palisade Wall x4 |
| 20:20 | Player46887455 · wall_segment Palisade Wall x5 |
| 20:24 | 新竹 · first_building Stable |
| 24:51 | 新竹 · wall_segment Palisade Wall x1 |
| 25:08 | Player46887455 · wall_segment Palisade Wall x4 |
| 28:40 | 新竹 · resign |
[ AI ANALYSIS · 1 CREDIT ]
What really happened in this match?
Wolo.gg analyzes every decision: build order, eco, micro, common mistakes by bracket. Personalized analysis on WhatsApp or Discord in 30 seconds.
Civ guide
Chinese
Perfil
Jugador #14547856